 Dungeon Crawl Stone Soup version 0.28-a0-1555-g9ae15a6949 (webtiles) character file.

Game seed: 7156481671980115373

95274 Armakuni the Thaumaturge (level 16, 0/106 HPs)
             Began as a Human Conjurer on Jan 16, 2022.
             Was the Champion of Vehumet.
             Slain by a skeletal warrior (1 damage)
             ... led by a skeletal warrior
             ... on level 14 of the Dungeon on Jan 18, 2022.
             The game lasted 01:54:57 (30267 turns).

Armakuni the Thaumaturge (Human Conjurer)          Turns: 30267, Time: 01:54:58

Health: 0/106      AC: 16    Str: 23    XL:     16   Next: 62%
Magic:  5/32       EV: 12    Int: 19    God:    Vehumet [******]
Gold:   287        SH:  7    Dex: 11    Spells: 2/39 levels left

rFire   + + .      SeeInvis .   a - staff of earth
rCold   + + .      Faith    .   y - +3 buckler {rF+}
rNeg    . . .      Spirit   .   o - +4 ring mail
rPois   +          Reflect  .   s - +0 helmet
rElec   +          Harm     .   l - +0 cloak
rCorr   .          Rampage  .   e - +0 pair of gloves of Death's Door {rC++ Will+}
Will    ++...                   r - +0 pair of boots
Stlth   +.........              R - amulet of regeneration
HPRegen 1.07/turn               F - ring "Fuwec" {rElec rF+ Str+6 Int+3}
MPRegen 0.23/turn               P - ring of poison resistance

@: no status effects
A: evolution 1, [dopey 1]
a: Renounce Religion


You were on level 14 of the Dungeon.
You worshipped Vehumet.
Vehumet was exalted by your worship.
You visited 4 branches of the dungeon, and saw 23 of its levels.
You visited the Abyss 1 time.
You also visited: Bailey and Volcano.

You collected 2768 gold pieces.
You spent 2481 gold pieces at shops.

Inventory:

Missiles
 u - 6 boomerangs of dispersal
 G - 6 curare-tipped darts
 J - a throwing net
Armour
 e - the +0 pair of gloves of Death's Door (worn) {rC++ Will+}
   (You found it in a bailey)

   rC:        It greatly protects you from cold.
   Will:      It increases your willpower.
 l - a +0 cloak (worn)
 n - a +2 ring mail of fire resistance
 o - a +4 ring mail (worn)
 r - a +0 pair of boots (worn)
 s - a +0 helmet (worn)
 y - a +3 buckler of fire resistance (worn)
Magical Staves
 a - a staff of earth (weapon)
Jewellery
 F - the ring "Fuwec" (left hand) {rElec rF+ Str+6 Int+3}
   (You acquired it in a volcano)

   [ring of strength]

   Str:       It affects your strength (+6).
   Int:       It affects your intelligence (+3).
   rF:        It protects you from fire.
   rElec:     It insulates you from electricity.
 H - a ring of ice
 I - a +6 ring of intelligence
 K - a ring of resist corrosion
 L - the ring "Ylodd" {Ice Int+3}
   (You found it on level 13 of the Dungeon)

   [ring of ice]

   It enhances your ice magic.
   Int:       It affects your intelligence (+3).
   rF:        It makes you vulnerable to fire.
   rC:        It protects you from cold.
 P - a ring of poison resistance (right hand)
 R - an amulet of regeneration (around neck)
Wands
 h - a wand of acid (4)
 q - a wand of charming (5)
 v - a wand of flame (3)
 E - a wand of digging (6)
 Q - a wand of paralysis (12)
Scrolls
 d - 3 scrolls of fear
 f - 2 scrolls of blinking
 i - 2 scrolls of enchant armour
 k - 4 scrolls of noise
 t - 5 scrolls of vulnerability
 B - 10 scrolls of teleportation
 D - 4 scrolls of immolation
 M - 2 scrolls of brand weapon
 O - 3 scrolls of identify
 S - 4 scrolls of fog
Potions
 b - a potion of resistance
 c - 5 potions of flight
 g - 3 potions of haste
 p - 2 potions of invisibility
 w - 3 potions of heal wounds
 x - 8 potions of curing
 z - a potion of mutation
 C - 3 potions of lignification
 N - 2 potions of ambrosia
Miscellaneous
 j - a box of beasts


   Skills:
 - Level 4.0 Fighting
 - Level 7.0 Staves
 - Level 9.0 Armour
 + Level 6.3 Dodging
 - Level 2.0 Stealth
 - Level 4.0 Shields
 + Level 12.3 Spellcasting
 - Level 11.4 Conjurations
 - Level 4.0 Hexes
 - Level 5.0 Necromancy
 - Level 4.0 Translocations
 - Level 5.0 Fire Magic
 - Level 5.0 Ice Magic
 - Level 12.0 Earth Magic
 - Level 10.0 Evocations


You had 2 spell levels left.
You knew the following spells:

 Your Spells              Type           Power      Damage    Failure   Level
a - Apportation           Tloc           52%        N/A       2%          1
b - Blink                 Tloc           52%        N/A       3%          2
f - Fireball              Conj/Fire      21%        3d10      3%          5
h - Hailstorm             Conj/Ice       42%        3d10      1%          4
i - Inner Flame           Hex/Fire       28%        N/A       1%          3
m - Iskenderun's Mystic   Conj/Tloc      41%        2d9       1%          4
r - Irradiate             Conj/Tmut      16%        3d19      9%          5
s - Sticky Flame          Conj/Fire      42%        2d6       1%          4
v - Borgnjor's Vile Clut  Necr/Erth      30%        N/A       10%         5
w - Passwall              Tmut/Erth      42%        N/A       1%          2
S - Sublimation of Blood  Necr           30%        N/A       2%          2

Your spell library contained the following spells:

 Spells                   Type           Power      Damage    Failure   Level
 Animate Skeleton         Necr           60%        N/A       1%          1
 Magic Dart               Conj           100%       1d8       1%          1
 Sandblast                Erth           100%       2d20      1%          1
 Searing Ray              Conj           100%       2d8       1%          2
 Summon Small Mammal      Summ           44%        N/A       11%         1
 Wereblood                Tmut           11%        N/A       17%         2
 Dazzling Flash           Conj/Hex       82%        N/A       1%          3
 Stone Arrow              Conj/Erth      100%       3d13      1%          3
 Fulminant Prism          Conj/Hex       20%        3d13      1%          4
 Ozocubu's Armour         Ice            30%        N/A       4%          3
 Animate Dead             Necr           15%        N/A       14%         4
 Cause Fear               Hex            13%        N/A       22%         4
 Passage of Golubria      Tloc           26%        N/A       22%         4
 Ice Form                 Ice/Tmut       21%        N/A       36%         4
 Summon Ice Beast         Ice/Summ       21%        N/A       36%         4
 Metabolic Englaciation   Hex/Ice        14%        N/A       43%         5
 Manifold Assault         Tloc           26%        N/A       52%         5
 Silence                  Hex/Air        9%         N/A       80%         5
 Summon Mana Viper        Hex/Summ       19%        N/A       80%         5
 Lehudib's Crystal Spear  Conj/Erth      35%        10d9      80%         8
 Death Channel            Necr           15%        N/A       91%         6
 Simulacrum               Ice/Necr       15%        N/A       91%         6
 Alistair's Intoxication  Tmut/Pois      7%         N/A       97%         5
 Blade Hands              Tmut           5%         N/A       97%         5
 Dragon Form              Tmut           5%         N/A       100%        7
 Monstrous Menagerie      Summ           5%         N/A       100%        7
 Storm Form               Tmut/Air       5%         N/A       100%        7
 Summon Hydra             Summ           5%         N/A       100%        7
 Discord                  Hex            13%        N/A       100%        8


Dungeon Overview and Level Annotations

Branches:
Dungeon (14/15)            Temple (1/1) D:4            Lair (6/6) D:10
 Shoals (0/4) Lair:3        Snake (0/4) Lair:3        Slime (0/5) Lair:5
    Orc (2/2) D:11            Elf (0/3) Orc:2        Bailey (visited)
Volcano (visited)
 Vaults: D:13-14

Altars:
Ashenzari
Cheibriados
Dithmenos
Elyvilon
Fedhas
Gozag
Hepliaklqana
Kikubaaqudgha
Makhleb
Nemelex Xobeh
Okawaru
Qazlal
Ru
Sif Muna
Trog
Uskayaw
Vehumet
Wu Jian
Xom
Yredelemnul
Zin
The Shining One

Shops:
D:10 *   D:13 [   Orc:2 *::=

Annotations:
D:5 1 runed translucent door, qborf's ghost, amateur OgBe


Innate Abilities, Weirdness & Mutations

You have hidden genetic potential.
[You are dopey. (Int -2)]


Message History

You hit the skeletal warrior but do no damage.
The skeletal warrior is almost destroyed.
The skeletal warrior hits you but does no damage.
You completely miss the skeletal warrior.
The skeletal warrior is almost destroyed.
You block the skeletal warrior's attack.
You closely miss the skeletal warrior.
The skeletal warrior is almost destroyed.
You block the skeletal warrior's attack.
You hit the skeletal warrior but do no damage.
The skeletal warrior is almost destroyed.
You block the skeletal warrior's attack.
You completely miss the skeletal warrior.
The skeletal warrior is almost destroyed.
You hit the skeletal warrior but do no damage.
The skeletal warrior is almost destroyed.
The skeletal warrior hits you with a +0 vorpal long sword!!
You barely miss the skeletal warrior.
The skeletal warrior is almost destroyed.
The skeletal warrior barely misses you.
You hit the skeletal warrior but do no damage.
The skeletal warrior is almost destroyed.
The skeletal warrior barely misses you.
You hit the skeletal warrior but do no damage.
The skeletal warrior is almost destroyed.
You block the skeletal warrior's attack.
You hit the skeletal warrior but do no damage.
The skeletal warrior is almost destroyed.
The skeletal warrior hits you with a +0 vorpal long sword!
* * * LOW HITPOINT WARNING * * *
You hit the skeletal warrior but do no damage.
You shatter the skeletal warrior!
The skeletal warrior is almost destroyed.
The skeletal warrior hits you with a +0 vorpal long sword!
* * * LOW HITPOINT WARNING * * *
x2 You barely miss the skeletal warrior.
The skeletal warrior is almost destroyed.
The skeletal warrior hits you with a +0 vorpal long sword!!
* * * LOW HITPOINT WARNING * * *
You die...

##################
#......##........#
#......##...##...#
#......##...##...#
#......##...##...#
#......##...##...#
#......##...##...#
#......##........#
............####@#
............# #z#
#......##...# #)#
#......##...#
#......#
#...##.##...#
....z..#
#...##.##...#
...##.....
#...##.##...##...#
.....
#...##.##...##...#
.... ....##.#
..##...# ..>


You could see a skeletal warrior.

Vanquished Creatures
  2 orc warlords
  A stone giant (Volcano)
  A reaper (Abyss:2)
  A rakshasa (Abyss:2)
  10 hydras
  5 two-headed ogres
  2 catoblepae
  A centaur warrior (D:14)
  A tengu warrior (D:13)
  A deep troll shaman (Lair:6)
  14 death yaks
  A thrashing horror (Abyss:2)
  3 orc high priests (Orc:2)
  7 skeletal warriors
  A wizard (D:14)
  7 orc knights
  2 deep elf pyromancers (D:13)
  A necromancer (Lair:6)
  4 wolf spider zombies
  3 ugly things
  2 slime creatures (D:12)
  5 orc sorcerers
  2 oklob plants (Lair:4)
  8 black mambas
  2 molten gargoyles (Volcano)
  An ice statue (D:9)
  A rust devil (Abyss:2)
  Joseph (D:7)
  A torpor snail (Lair:3)
  9 cane toads
  6 elephants
  3 gargoyles
  2 unseen horrors (D:11)
  6 ice devils (D:9)
  An efreet (Volcano)
  A hellwing (D:7)
  15 komodo dragons
  A tengu conjurer (D:13)
  A redback zombie (D:13)
  A merfolk (Lair:3)
  6 polar bears
  Grinder (D:5)
  10 trolls
  Prince Ribbit (D:7)
  A hornet (shapeshifter) (D:13)
  6 dream sheep (Lair:4)
  36 blink frogs
  A shadow (D:12)
  Sigmund (D:5)
  A wraith (D:12)
  6 wyverns
  A vampire (D:11)
  65 yaks
  A fire elemental (Volcano)
  A neqoxec (Abyss:2)
  A fire bat (Volcano)
  2 steam dragons
  3 basilisks
  6 vampire mosquitoes
  A small abomination (Abyss:2)
  Menkaure (D:5)
  Edmund (D:5)
  6 wargs
  2 acid dragons
  8 water moccasins
  A large abomination (Abyss:2)
  4 sky beasts
  29 orc warriors
  An ice beast (D:7)
  2 black bears
  A necrophage (D:5)
  9 ogres
  24 wolves
  5 centaurs
  A phantom (D:4)
  9 bullfrogs
  A kobold brigand (D:9)
  Blork the orc (D:4)
  An earth elemental (Volcano)
  A gnoll sergeant (D:6)
  A wyvern zombie (D:7)
  A scorpion (D:5)
  A water moccasin skeleton (D:4)
  4 howler monkeys
  7 wights (D:7)
  2 electric eels (D:10)
  10 centaur zombies
  5 lava snakes
  A jelly (D:7)
  4 hounds (D:10)
  17 orc priests
  2 centaur skeletons
  4 iguanas
  Ijyb (D:4)
  21 orc wizards
  A polar bear simulacrum (Lair:6)
  4 yak simulacra (Lair:6)
  4 wolf simulacra (Lair:6)
  A hound zombie (D:5)
  A mummy (D:13)
  2 howler monkey zombies
  Robin (D:4)
  15 gnolls
  A howler monkey skeleton (D:4)
  7 adders
  6 shadow imps
  A white imp (D:7)
  7 ufetubi
  An adder skeleton (D:4)
  A worm (D:2)
  3 dart slugs
  80 orcs
  4 bats
  4 endoplasms
  3 giant cockroaches
  12 goblins
  6 hobgoblins
  5 kobolds
  2 quokkas
  5 ball pythons
  3 rats
  2 river rat simulacra (Lair:6)
659 creatures vanquished.

Vanquished Creatures (collateral kills)
  An orc knight (Orc:1)
  An orc (Orc:1)
2 creatures vanquished.

Vanquished Creatures (others)
  A death yak (Lair:6)
  A vampire (D:14)
  An orc (Orc:2)
  A bush (Lair:6)
  64 fulminant prisms
  45 fungi
  49 plants
  5 withered plants (D:8)
167 creatures vanquished.

Grand Total: 828 creatures vanquished

Notes
Turn   | Place    | Note
-------+----------+-------------------------------------------
     0 | D:1      | Armakuni the Human Conjurer began the quest for the Orb.
     0 | D:1      | Reached XP level 1. HP: 13/13 MP: 3/3
   261 | D:1      | Reached XP level 2. HP: 19/19 MP: 3/5
   264 | D:1      | Learned a level 2 spell: Searing Ray
   873 | D:2      | Reached XP level 3. HP: 23/24 MP: 0/6
  1403 | D:2      | Found a faded altar of an unknown god.
  1429 | D:2      | Found a sacrificial altar of Ru.
  2027 | D:3      | Found a shadowy altar of Dithmenos.
  2121 | D:3      | Reached XP level 4. HP: 30/30 MP: 5/8
  2367 | D:3      | Reached skill level 5 in Conjurations
  2562 | D:3      | Learned a level 4 spell: Iskenderun's Mystic Blast
  2689 | D:3      | Reached XP level 5. HP: 27/35 MP: 4/10
  3059 | D:4      | Noticed Robin
  3081 | D:4      | Killed Robin
  3155 | D:4      | Reached XP level 6. HP: 41/41 MP: 7/11
  3297 | D:4      | Noticed Ijyb
  3300 | D:4      | You fall into a shaft and drop 1 floor!
  3300 | D:5      | Entered Level 5 of the Dungeon
  3300 | D:5      | Noticed Edmund
  3315 | D:5      | Killed Edmund
  3316 | D:5      | Reached skill level 1 in Armour
  3501 | D:4      | Noticed Blork the orc
  3508 | D:4      | Killed Blork the orc
  3509 | D:4      | Reached XP level 7. HP: 41/46 MP: 5/13
  3894 | D:4      | Killed Ijyb
  3976 | D:4      | Reached skill level 5 in Spellcasting
  4108 | D:4      | You fall into a shaft and drop 1 floor!
  4230 | D:5      | Reached XP level 8. HP: 51/52 MP: 7/15
  4399 | D:4      | Found a staircase to the Ecumenical Temple.
  4413 | Temple   | Entered the Ecumenical Temple
  4434 | Temple   | Became a worshipper of Vehumet
  4733 | D:5      | Found a runed translucent door.
  4747 | D:5      | Noticed Grinder
  4754 | D:5      | Killed Grinder
  4831 | D:5      | Noticed Sigmund
  4832 | D:5      | Noticed Menkaure
  4838 | D:5      | Killed Menkaure
  4839 | D:5      | Killed Sigmund
  4840 | D:5      | Reached skill level 5 in Armour
  4840 | D:5      | Reached XP level 9. HP: 53/57 MP: 10/18
  5645 | D:5      | Reached * piety under Vehumet
  5645 | D:5      | Offered knowledge of Freeze by Vehumet.
  5793 | D:5      | Noticed qborf's ghost (amateur OgBe)
  6003 | D:6      | Learned a level 1 spell: Apportation
  6143 | D:6      | Reached skill level 1 in Translocations
  6846 | D:7      | Noticed Prince Ribbit
  6852 | D:7      | Killed Prince Ribbit
  6870 | D:7      | Found a flagged portal.
  6876 | Bailey   | Entered a bailey
  7087 | Bailey   | Upgraded the game from 0.28-a0-1518-gbe868bca14 to
                  | 0.28-a0-1520-gc3277d3759
  7103 | Bailey   | Noticed an orc knight
  7125 | Bailey   | Killed an orc knight
  7126 | Bailey   | Reached XP level 10. HP: 63/63 MP: 5/20
  7161 | Bailey   | Noticed an orc knight
  7171 | Bailey   | Killed an orc knight
  7354 | Bailey   | Offered knowledge of Sandblast by Vehumet.
  7432 | Bailey   | Learned a level 4 spell: Fulminant Prism
  7506 | Bailey   | Reached skill level 1 in Hexes
  7565 | Bailey   | Identified the +0 pair of gloves of Death's Door {rC++
                  | Will+}
  7574 | Bailey   | Identified the +10 plate armour of Anenaz {rElec rN+++
                  | Str-3 Int-4}
  7769 | D:7      | Reached ** piety under Vehumet
  8290 | D:7      | Noticed Joseph
  8302 | D:7      | Killed Joseph
  8619 | D:7      | Reached skill level 1 in Earth Magic
  9217 | D:8      | Reached skill level 5 in Evocations
  9642 | D:8      | Reached XP level 11. HP: 65/68 MP: 21/21
 10022 | D:8      | Reached skill level 5 in Earth Magic
 10240 | D:8      | Offered knowledge of Mephitic Cloud by Vehumet.
 10320 | D:8      | Found a burning altar of Makhleb.
 10325 | D:8      | Found a sacrificial altar of Ru.
 10325 | D:8      | Found an ornate altar of the Wu Jian Council.
 10354 | D:8      | Found a hide-covered altar of Uskayaw.
 10361 | D:8      | Found a snail-covered altar of Cheibriados.
 10903 | D:9      | Noticed a two-headed ogre
 10913 | D:9      | Killed a two-headed ogre
 11206 | D:9      | Reached *** piety under Vehumet
 11412 | D:9      | Offered knowledge of Sticky Flame by Vehumet.
 11789 | D:9      | Reached skill level 1 in Fighting
 11789 | D:9      | Reached skill level 1 in Staves
 11919 | D:9      | Learned a level 4 spell: Sticky Flame
 11930 | D:9      | Reached XP level 12. HP: 77/77 MP: 13/22
 12272 | D:10     | Entered Level 10 of the Dungeon
 12342 | D:10     | Reached skill level 10 in Conjurations
 12506 | D:9      | Reached skill level 1 in Fire Magic
 12614 | D:10     | Reached **** piety under Vehumet
 12729 | D:10     | Found Sucwa's General Store.
 12748 | D:10     | Bought a scroll of teleportation for 45 gold pieces
 12782 | D:10     | Noticed a two-headed ogre
 12789 | D:10     | Killed a two-headed ogre
 13133 | D:10     | Found a staircase to the Lair.
 13302 | D:11     | Offered knowledge of Hailstorm by Vehumet.
 13329 | D:11     | Learned a level 4 spell: Hailstorm
 13409 | D:11     | Noticed a two-headed ogre
 13419 | D:11     | Killed a two-headed ogre
 13469 | D:11     | Found a staircase to the Orcish Mines.
 13483 | D:11     | Reached skill level 5 in Staves
 13738 | D:11     | Reached skill level 1 in Shields
 13931 | D:11     | Reached skill level 5 in Fire Magic
 13974 | D:11     | Noticed a seven-headed hydra
 13984 | D:11     | Killed a seven-headed hydra
 14314 | D:11     | Noticed a seven-headed hydra
 14314 | D:11     | Noticed a two-headed ogre
 14334 | D:11     | Killed a seven-headed hydra
 14335 | D:11     | Reached XP level 13. HP: 47/88 MP: 5/23
 14598 | D:11     | Identified the +6 trident "Ricuurif" {holy, rElec}
 14894 | D:12     | Reached skill level 1 in Ice Magic
 15014 | Lair:1   | Entered Level 1 of the Lair of Beasts
 15660 | Lair:1   | Noticed a six-headed hydra
 16020 | Lair:2   | Found a dark tunnel.
 16033 | Volcano  | Entered a volcano
 16100 | Volcano  | Identified a scroll of acquirement
 16103 | Volcano  | Acquired the ring "Fuwec" {rElec rF+ Str+6 Int+3}
 16108 | Volcano  | Upgraded the game from 0.28-a0-1520-gc3277d3759 to
                  | 0.28-a0-1555-g9ae15a6949
 16445 | Volcano  | Found a burning altar of Makhleb.
 16463 | Volcano  | Reached ***** piety under Vehumet
 16465 | Volcano  | Offered knowledge of Lee's Rapid Deconstruction by Vehumet.
 16569 | Volcano  | Noticed a stone giant
 16587 | Volcano  | Killed a stone giant
 16588 | Volcano  | Reached skill level 5 in Ice Magic
 18215 | Lair:2   | Reached skill level 10 in Earth Magic
 18470 | Lair:2   | Reached XP level 14. HP: 68/95 MP: 7/24
 18857 | Lair:3   | Reached skill level 10 in Evocations
 19043 | Lair:3   | Found a staircase to the Snake Pit.
 19509 | Lair:3   | Offered knowledge of Airstrike by Vehumet.
 20147 | Lair:3   | Found a staircase to the Shoals.
 20235 | Lair:3   | Learned a level 2 spell: Blink
 20684 | Lair:4   | Found a blossoming altar of Fedhas.
 21483 | Lair:4   | Learned a level 5 spell: Borgnjor's Vile Clutch
 21638 | Lair:4   | Reached skill level 1 in Necromancy
 21825 | Lair:5   | Found a staircase to the Slime Pits.
 22203 | Lair:5   | Reached XP level 15. HP: 86/100 MP: 7/26
 22423 | Lair:5   | Reached skill level 5 in Necromancy
 22540 | Lair:5   | Learned a level 3 spell: Inner Flame
 22977 | Lair:6   | Entered Level 6 of the Lair of Beasts
 23194 | Lair:6   | Identified the +6 chain mail of the Butcher {-Tele Rampage
                  | Will+++ Regen+}
 24017 | Lair:6   | Offered knowledge of Irradiate by Vehumet.
 24610 | Lair:6   | Learned a level 5 spell: Irradiate
 25077 | Lair:5   | Identified the +3 chain mail of Skepticism {-Tele rCorr
                  | Dex+3}
 25259 | Orc:1    | Entered Level 1 of the Orcish Mines
 25259 | Orc:1    | Noticed an orc warlord
 25305 | Orc:1    | Killed an orc warlord
 25385 | Orc:1    | Reached skill level 10 in Spellcasting
 25890 | Orc:2    | Entered Level 2 of the Orcish Mines
 26083 | Orc:2    | Noticed an orc warlord
 26106 | Orc:1    | Reached ****** piety under Vehumet
 26291 | Orc:2    | Reached XP level 16. HP: 95/106 MP: 26/30
 26692 | Orc:2    | Offered knowledge of Fireball by Vehumet.
 26830 | Orc:2    | Learned a level 5 spell: Fireball
 27032 | Orc:2    | Found a staircase to the Elven Halls.
 27327 | Orc:2    | Found Syojozod's Book Emporium.
 27327 | Orc:2    | Found Edazeconk's Assorted Antiques.
 27330 | Orc:2    | Found Pinio's Jewellery Emporium.
 27330 | Orc:2    | Found Vahakk's Book Boutique.
 27341 | Orc:2    | Bought a potion of mutation for 256 gold pieces
 27341 | Orc:2    | Bought a scroll of amnesia for 112 gold pieces
 27381 | Orc:2    | Learned a level 2 spell: Passwall
 27416 | Orc:2    | Bought a +6 ring of intelligence for 877 gold pieces
 27427 | Orc:2    | Bought a book of Transfigurations for 600 gold pieces
 27427 | Orc:2    | Bought a book of Blood for 420 gold pieces
 27431 | Orc:2    | Learned a level 2 spell: Sublimation of Blood
 28735 | D:13     | Reached skill level 5 in Dodging
 29220 | D:13     | Found Hefoh's Antique Armour Boutique.
 29223 | D:13     | Bought a pair of jewelled gloves for 171 gold pieces
 29223 | D:13     | Identified the +2 pair of gloves of the Sun {rPois Will-
                  | Int+2} (You bought it in a shop on level 13 of the Dungeon)
 29254 | D:13     | Identified the ring "Ylodd" {Ice Int+3}
 29480 | D:14     | Cast into level 2 of the Abyss (a wizard)
 29480 | Abyss:2  | Found a corrupted altar of Lugonu.
 29583 | Abyss:2  | Gained mutation: You are clumsy. (Dex -2) [a neqoxec]
 29630 | Abyss:2  | Found a corrupted altar of Lugonu.
 29760 | D:14     | Escaped the Abyss
 29760 | D:14     | Paralysed by a hornet for 2 turns
 29879 | D:13     | Lost mutation: You are very clumsy. (Dex -4) [potion of
                  | mutation]
 29879 | D:13     | Gained mutation: You have hidden genetic potential. [potion
                  | of mutation]
 30095 | D:14     | Identified the +3 chain mail "Dolloxoa" {rF+}
 30098 | D:14     | Found a shimmering blue altar of Sif Muna.
 30267 | D:14     | HP: 1/106 [skeletal warrior[a skeletal warrior] (19)]
 30267 | D:14     | Slain by a skeletal warrior

Illustrated notes

Levels and vault maps discovered:
D:1:      dpeg_arrival_refuge, layout_basic, minmay_stone_trees_medium
D:2:      layout_loops_corners, dreamdust_ecumenical_altar_angels_and_demons,
          basic_altar
D:3:      layout_rooms, grunt_dithmenos_smoke_and_mirrors
D:4:      layout_loops_cross, minmay_temple_entry_wispy, uniq_robin,
          uniq_blork_the_orc, uniq_ijyb
D:5:      layout_gridville, ebering_ghost_reflecting_pool, uniq_sigmund,
          uniq_edmund, uniq_menkaure, uniq_grinder
D:6:      layout_layer_cave
D:7:      layout_loops_corners, enter_bailey_2, minmay_misc_feat_x, uniq_joseph,
          uniq_prince_ribbit1
D:8:      cheibrodos_grave_circle, layout_loops_ring,
          minmay_overflow_temple_star_hex
D:9:      cheibrodos_frozen_isle, layout_basic
D:10:     layout_small_grid, erik_lair_island, serial_shops, shop_statue
D:11:     layout_basic, david_orc_3, minmay_misc_feat_iff, kennysheep_dice
D:12:     layout_gridville
D:13:     layout_grid_maze, serial_shops, kennysheep_mini, serial_undead,
          serial_undead_c, serial_undead_d, serial_undead_d, serial_undead_f,
          serial_undead_b
D:14:     layout_long_grid, erik_vaults_2, minivault_26, library_closet,
          kennysheep_diamond, kennysheep_generic_room_16
Temple:   lightli_temple_of_artemis
Lair:1:   layout_chaotic_city, chequers_serial_rivers_room_a,
          grunt_megastairs_5, infiniplex_staircase_pool
Lair:2:   layout_chaotic_city, nicolae_volcano_entry_lava_flow,
          serial_bayou_pond_e, minivault_23, grunt_megastairs_2
Lair:3:   layout_long_grid, elwin_shoals_entry_rooms, dummy_snake_entry,
          st_stairs_10
Lair:4:   layout_concentric_octagons, hangedman_tree_tricks
Lair:5:   layout_hall_layers, slime_dummy, lemuel_fruit_fields
Lair:6:   grunt_lair_end_beastmaster, layout_regular_city,
          eino_house_with_fridge, serial_bayou_shore_b
Orc:1:    layout_caves
Orc:2:    grunt_orc_tribal_feast, layout_diamond_mine

Skill      XL: |  1  2  3  4  5  6  7  8  9 10 11 12 13 14 15 16 |
---------------+-------------------------------------------------+-----
Spellcasting   | 3 4 5 6 7 10 12 | 12.3
Conjurations   | 5 6 7 9 10 11 | 11.4
Armour         | 2 3 5 6 9 |  9.0
Translocations | 4 |  4.0
Evocations     | 2 5 8 9 10 | 10.0
Hexes          | 4 |  4.0
Earth Magic    | 3 7 10 12 | 12.0
Fighting       | 1 4 |  4.0
Staves         | 1 6 7 |  7.0
Fire Magic     | 5 |  5.0
Shields        | 3 4 |  4.0
Ice Magic      | 5 |  5.0
Dodging        | 3 6 |  6.3
Necromancy     | 3 5 |  5.0
Stealth        | |  2.0

Action                   |  1- 3 |  4- 6 |  7- 9 | 10-12 | 13-15 | 16-18 || total
-------------------------+-------+-------+-------+-------+-------+-------++-------
Melee: Dagger            |     9 |       |       |       |       |       ||     9
       Short sword       |       |    25 |     3 |       |       |       ||    28
       Flail             |       |       |    70 |   111 |       |       ||   181
       Punch             |       |       |     1 |     6 |     1 |       ||     8
       Lajatang          |       |       |       |    94 |       |       ||    94
       Staff             |       |       |       |    32 |   579 |   158 ||   769
Throw: Dart              |       |       |       |       |     2 |       ||     2
 Cast: Magic Dart        |    14 |       |       |       |       |       ||    14
       Searing Ray       |    17 |    22 |    55 |    97 |    54 |       ||   245
       Iskenderun's Myst |       |       |     5 |    38 |    45 |    26 ||   114
       Fulminant Prism   |       |       |       |    25 |    39 |       ||    64
       Sticky Flame      |       |       |       |    18 |   198 |    25 ||   241
       Hailstorm         |       |       |       |       |    36 |    11 ||    47
       Irradiate         |       |       |       |       |     5 |    10 ||    15
       Inner Flame       |       |       |       |       |     4 |    43 ||    47
       Fireball          |       |       |       |       |       |    18 ||    18
       Borgnjor's Vile C |       |       |       |       |       |     8 ||     8
       Sublimation of Bl |       |       |       |       |       |     5 ||     5
Evoke: Wand              |       |       |     9 |    10 |    27 |    16 ||    62
       Box of beasts     |       |       |       |       |     1 |       ||     1
  Use: Scroll            |     4 |     1 |    10 |     7 |    13 |     3 ||    38
       Potion            |     2 |     2 |       |     3 |     4 |     1 ||    12
Armor: Ring mail         |     1 |    11 |    63 |   369 |   269 |    81 ||   794
       Skin              |    10 |     7 |       |       |       |       ||    17
       Leather armour    |     5 |     4 |       |       |       |       ||     9
Dodge: Dodged            |    10 |    18 |   121 |   453 |   562 |    95 ||  1259
Block: Buckler           |       |       |       |       |   301 |    78 ||   379

Table legend: (Time is in decaauts)
 A = Elapsed time spent in this place.
 B = Non-inter-level travel time spent in this place.
 C = Inter-level travel time spent in this place.
 D = Time resting spent in this place.
 E = Time spent auto-exploring this place.
 F = Levels seen in this place.
 G = Mean time per level.
                   A        B        C        D        E       F      G
               +--------+--------+--------+--------+--------+-----+--------+
         Total |  30352 |  29216 |   1136 |   8170 |  14120 |  26 | 1167.4 |
       Dungeon |  16917 |  16326 |    591 |   4456 |   8251 |  14 | 1208.4 |
        Temple |     41 |     22 |     19 |      0 |      0 |   1 |   41.0 |
          Lair |   9193 |   8778 |    415 |   2148 |   4571 |   6 | 1532.2 |
  Orcish Mines |   2140 |   2030 |    110 |    603 |    873 |   2 | 1070.0 |
         Abyss |    276 |    276 |      0 |    143 |     26 |   1 |  276.0 |
        Bailey |    792 |    792 |      0 |    308 |    186 |   1 |  792.0 |
       Volcano |    990 |    990 |      0 |    512 |    212 |   1 |  990.0 |
               +--------+--------+--------+--------+--------+-----+--------+

Top non-repeatable levels by time:
     D:7: 2246 daAuts
  Lair:2: 2122 daAuts
  Lair:6: 1893 daAuts
    D:11: 1672 daAuts
     D:9: 1628 daAuts
  Lair:4: 1586 daAuts
     D:5: 1525 daAuts
    D:13: 1449 daAuts
   Orc:2: 1448 daAuts
  Lair:5: 1390 daAuts
  Lair:3: 1282 daAuts
     D:4: 1264 daAuts
     D:2: 1245 daAuts
     D:8: 1068 daAuts
     D:6: 1025 daAuts
